 Dungeon Crawl Stone Soup version 0.30.0-20-g3615ddf2f0 (webtiles) character file.

Game seed: 18398902106143387195

353 qw the Chopper (level 6, -1/38 HPs)
             Began as a Gargoyle Fighter on May 27, 2023.
             Constricted to death by Dowan (3 damage)
             ... on level 5 of the Dungeon.
             The game lasted 00:01:50 (2800 turns).

qw the Chopper (Gargoyle Fighter)                   Turns: 2800, Time: 00:01:51

Health: -1/38      AC: 20    Str: 22    XL:     6   Next: 62%
Magic:  6/6        EV:  7    Int:  8    God:
Gold:   202        SH:  4    Dex:  9    Spells: 5/5 levels left

rFire   + . .        Y - +1 war axe (protect)
rCold   . . .        c - +0 buckler
rNeg    + . .        h - +0 ring mail {rF+}
rPois   inf          (no helmet)
rElec   +            (no cloak)
rCorr   .            g - +2 pair of gloves
SInv    .            (no boots)
Will    .....        (no amulet) Stlth
                     (no ring)
HPRegen 0.26/turn    (no ring)
MPRegen 0.10/turn

%: no passive effects
@: grasped by roots, under a protective aura, constricted
A: sickness immunity, AC +4, negative energy resistance 1, electricity
resistance, torment resistance 1, petrification resistance
a: no special abilities


You were on level 5 of the Dungeon.
You visited 1 branch of the dungeon, and saw 5 of its levels.

You collected 202 gold pieces.


Innate Abilities, Weirdness & Mutations

You are immune to sickness and miasma.
Your stone body is resilient. (AC +4)
You are immune to poison.
You resist negative energy. (rN+)
You are resistant to electric shocks. (rElec)
You are resistant to unholy torment.
You are immune to petrification.


   Skills:
 - Level 4.2 Fighting
 + Level 5.5 Axes
 - Level 3.2 Armour
 - Level 1.2 Dodging
 - Level 3.2 Shields


You had 5 spell levels left.
You didn't know any spells.
Your spell library was empty.

Inventory:

Hand Weapons
 e - a +0 mace
 Y - a +1 war axe of protection (weapon)
Armour
 b - a +0 scale mail
 c - a +0 buckler (worn)
 g - a +2 pair of gloves (worn)
 h - a +0 ring mail of fire resistance (worn)
Scrolls
 m - a scroll of identify
Potions
 a - a potion of curing
 d - a potion of might
 f - a potion of haste {unknown}
 j - a potion of flight {unknown}
 k - a potion of cancellation {unknown}
 l - a potion of experience {unknown}
 p - a potion of lignification

Dungeon Overview and Level Annotations

Branches:
Dungeon (5/15)
 Temple: D:4-7

Altars:
Yredelemnul
Zin

Shops:
D:2 [   D:3 :

Annotations:
D:5 Dowan


Message History

Duvessa hits you but does no damage.
You hit Duvessa but do no damage.
Duvessa is heavily wounded.
Duvessa zaps a wand.
The roots erupt in riotous growth!
The grasping roots grab you!
Duvessa is unaffected.
The grasping roots constrict you.
You barely miss Duvessa.
Duvessa is heavily wounded.
Duvessa hits you but does no damage. The grasping roots constrict you.
The grasping roots release their grip on you.
You hit Duvessa.
Duvessa is severely wounded.
Duvessa hits you but does no damage.
Dowan zaps a wand.
The roots erupt in riotous growth!
Duvessa is unaffected.
Dowan is unaffected.
The grasping roots grab you! The grasping roots constrict you.
You block Duvessa's attack. The grasping roots constrict you.
You barely miss Duvessa.
Duvessa is severely wounded.
Duvessa closely misses you. The grasping roots constrict you.
You hit Duvessa.
Duvessa is severely wounded.
You block Duvessa's attack. The grasping roots constrict you.
You hit Duvessa but do no damage.
Duvessa is severely wounded.
Duvessa hits you but does no damage. The grasping roots constrict you. x2
Duvessa hits you but does no damage.
The grasping roots release their grip on you.
You slash Duvessa!
You kill Duvessa!
Dowan screams, "No!
No!"
Dowan seems to find hidden reserves of power!
You closely miss Dowan.
Dowan points at you and mumbles some strange words.
The shard of ice hits you!
Dowan zaps a wand.
The roots erupt in riotous growth!
The grasping roots grab you!
Dowan is unaffected.
The grasping roots constrict you.
You hit Dowan but do no damage. You block Dowan's attack.
The grasping roots constrict you.
You die...

#.#
#.#
#.#.#
#.#.#
#.#.#
#.#.#
#e#.#
#@#.#
#.#.#
#...#
###.#
#.#
#.#
#.#
#.#
#.#


You could see Dowan (fast).

Vanquished Creatures
  Duvessa (D:5)
  2 hounds (D:4)
  An iguana (D:4)
  3 gnolls (D:4)
  6 adders
  A worm (D:4)
  2 dart slugs
  7 bats
  9 endoplasms
  A giant cockroach (D:3)
  13 hobgoblins
  4 jackals (D:3)
  5 kobolds
  4 quokkas
  8 ball pythons
  3 frilled lizards
  5 goblins
  6 rats
81 creatures vanquished.

Notes
Turn   | Place    | Note
-------+----------+-------------------------------------------
     0 | D:1      | qw the Gargoyle Fighter began the quest for the Orb.
     0 | D:1      | Reached XP level 1. HP: 14/14 MP: 1/1
     0 | D:1      | 0 ||| qw: Version: 0.2-a-99-gce666ed
     0 | D:1      | 0 ||| qw: Game counter: 179
     0 | D:1      | 0 ||| qw: Always use a shield: true
     0 | D:1      | 0 ||| qw: God list: Okawaru
     0 | D:1      | 0 ||| qw: Allow faded altars: false
     0 | D:1      | 0 ||| qw: Do Orc after D:15 true
     0 | D:1      | 0 ||| qw: Do second Lair branch before Depths: true
     0 | D:1      | 0 ||| qw: Lair rune preference: random
     0 | D:1      | 0 ||| qw: Plans: Normal, Zot:1-4, God:TSO, Crypt, Tomb,
                  | Pan, Slime:5, Hells, Abyss, Win
     0 | D:1      | 0 ||| PLANNING D:1-11
    27 | D:1      | 27 ||| Stepping ~*~*~tactically~*~*~ (hiding).
    35 | D:1      | Reached skill level 2 in Axes
    83 | D:1      | Reached XP level 2. HP: 13/19 MP: 2/2
    86 | D:1      | 86 ||| FLEEEEING.
    87 | D:1      | 87 ||| FLEEEEING.
    88 | D:1      | 88 ||| FLEEEEING.
    89 | D:1      | 89 ||| FLEEEEING.
    90 | D:1      | 90 ||| FLEEEEING.
    91 | D:1      | 91 ||| FLEEEEING.
    92 | D:1      | 92 ||| FLEEEEING.
    94 | D:1      | 94 ||| FLEEEEING.
    99 | D:1      | 99 ||| FLEEEEING.
   100 | D:1      | 100 ||| FLEEEEING.
   101 | D:1      | 101 ||| FLEEEEING.
   140 | D:1      | 140 ||| Stepping ~*~*~tactically~*~*~ (stealth).
   142 | D:1      | 142 ||| Stepping ~*~*~tactically~*~*~ (stealth).
   223 | D:1      | 223 ||| FLEEEEING.
   266 | D:1      | Reached skill level 3 in Axes
   318 | D:1      | Reached XP level 3. HP: 17/23 MP: 3/3
   384 | D:1      | You fall into a shaft and drop 1 floor!
   462 | D:2      | 462 ||| UPGRADING to +2 pair of gloves.
   467 | D:2      | 467 ||| UPGRADING to +0 ring mail of fire resistance.
   477 | D:2      | 477 ||| READING scroll labelled SONUUN SICVOHA.
   478 | D:2      | 478 ||| READING scroll labelled NANNICRITO.
   551 | D:1      | Found a faded altar of an unknown god.
   936 | D:2      | Reached XP level 4. HP: 28/28 MP: 4/4
  1356 | D:2      | Found Itsaxtoe's Armour Emporium.
  1365 | D:2      | 1365 ||| SHOPLISTING +4 leather armour of Integrity {rC+}
                  | (360 gold, have 113).
  1383 | D:2      | 1383 ||| READING scroll labelled XIHEPTE WARGHI.
  1384 | D:2      | 1384 ||| READING scroll labelled MUAGRO MOPEO.
  1394 | D:3      | 1394 ||| Stepping ~*~*~tactically~*~*~ (hiding).
  1402 | D:3      | Reached skill level 4 in Axes
  1442 | D:3      | 1442 ||| DROPPING +0 club.
  1533 | D:3      | Found Symm's Book Boutique.
  1588 | D:3      | Reached XP level 5. HP: 30/32 MP: 5/5
  1731 | D:3      | 1731 ||| Stepping ~*~*~tactically~*~*~ (stealth).
  1917 | D:3      | 1917 ||| DROPPING ring of flight.
  1918 | D:3      | 1918 ||| READING scroll labelled QAMURCH OTWUYB.
  1919 | D:3      | 1919 ||| READING scroll labelled QOPLIR EDUMMO.
  1922 | D:3      | 1922 ||| READING scroll labelled MISEUGUENY.
  1923 | D:3      | 1923 ||| DRINKING 2 blue potions.
  1924 | D:3      | 1924 ||| DRINKING 2 fizzy brown potions.
  1998 | D:4      | 1998 ||| Stepping ~*~*~tactically~*~*~ (stealth).
  2000 | D:4      | 2000 ||| Stepping ~*~*~tactically~*~*~ (hiding).
  2036 | D:4      | 2036 ||| Stepping ~*~*~tactically~*~*~ (stealth).
  2058 | D:4      | 2058 ||| Stepping ~*~*~tactically~*~*~ (hiding).
  2059 | D:4      | 2059 ||| Stepping ~*~*~tactically~*~*~ (hiding).
  2060 | D:4      | 2060 ||| Stepping ~*~*~tactically~*~*~ (hiding).
  2064 | D:4      | Reached skill level 5 in Axes
  2084 | D:4      | 2084 ||| Stepping ~*~*~tactically~*~*~ (stealth).
  2254 | D:4      | Reached skill level 1 in Dodging
  2261 | D:4      | 2261 ||| Stepping ~*~*~tactically~*~*~ (hiding).
  2375 | D:4      | 2375 ||| Stepping ~*~*~tactically~*~*~ (stealth).
  2377 | D:4      | 2377 ||| Stepping ~*~*~tactically~*~*~ (stealth).
  2378 | D:4      | 2378 ||| Stepping ~*~*~tactically~*~*~ (stealth).
  2380 | D:4      | 2380 ||| Stepping ~*~*~tactically~*~*~ (stealth).
  2466 | D:4      | Found a basalt altar of Yredelemnul.
  2477 | D:4      | Found a glowing silver altar of Zin.
  2528 | D:4      | Reached XP level 6. HP: 38/38 MP: 6/6
  2702 | D:4      | 2702 ||| DRINKING 2 bubbling puce potions.
  2711 | D:5      | Entered Level 5 of the Dungeon
  2780 | D:5      | Noticed Duvessa
  2780 | D:5      | Noticed Dowan
  2790 | D:5      | HP: 3/38 [Duvessa/+0 short sword (7)]
  2791 | D:5      | 2791 ||| DRINKING potion of heal wounds.
  2798 | D:5      | Killed Duvessa
  2799 | D:5      | HP: 4/38 [Dowan/shard of ice (9)]
  2800 | D:5      | Constricted to death by Dowan

Levels and vault maps discovered:
D:1:      dpeg_arrival_rooms_a, layout_rooms,
          shapermc_ecumenical_altar_flowoftime, minmay_tall_x
D:2:      cheibrodos_helix_gallery, layout_basic, serial_shops,
          nicolae_shop_waterfront
D:3:      layout_rooms, serial_shops, nicolae_shop_waterfront
D:4:      layout_basic, amethyst_overflow_temple_binary, serial_bayou,
          serial_bayou_pond_a, serial_bayou_pond_e, serial_bayou_crossing,
          serial_bayou_pond_a
D:5:      layout_basic, uniq_duvessa

Skill      XL: |  1  2  3  4  5  6 |
---------------+-------------------+-----
Axes           | 2 3 4 5 |  5.5
Dodging        | 1 |  1.2
Fighting       | 4 |  4.2
Armour         | |  3.2
Shields        | |  3.2

Action                     |  1- 3 |  4- 6 || total
---------------------------+-------+-------++-------
  Melee: War axe           |   130 |   144 ||   274
    Use: Scroll            |     2 |     5 ||     7
         Potion            |       |     4 ||     4
 Armour: Scale mail        |    47 |       ||    47
         Ring mail         |     8 |    70 ||    78
  Dodge: Dodged            |    84 |    64 ||   148
  Block: Buckler           |    28 |    29 ||    57

Table legend:
 A = Non-vault XP
 B = Vault XP
 C = Vault XP percentage of total XP
 D = Non-vault monster count
 E = Vault monster count
 F = Vault count percentage of total count
                 A         B        C        D         E       F
            +---------+---------+-------+---------+---------+-------
      Total |     359 |     146 |  28.9 |      74 |       7 |   8.6
            +---------+---------+-------+---------+---------+-------
        D:1 |      37 |       5 |  11.9 |      21 |       4 |  16.0
        D:2 |      52 |       3 |   5.5 |      17 |       2 |  10.5
        D:3 |      77 |       0 |   0.0 |      18 |       0 |   0.0
        D:4 |     193 |       0 |   0.0 |      18 |       0 |   0.0
        D:5 |       0 |     138 | 100.0 |       0 |       1 | 100.0
            +---------+---------+-------+---------+---------+-------
